 Dungeon Crawl Stone Soup version 0.24.0-13-gcf9b319 (webtiles) character file.

Game seed: 17861523728979178124, levelgen mode: deterministic

44844 Fang the Fighter (level 14, -12/142 HPs)
             Began as a Gargoyle Berserker on Nov 12, 2019.
             Was a High Priest of Trog.
             Mangled by a hog (13 damage)
             ... led by Kirke
             ... on level 5 of the Lair of Beasts.
             The game lasted 00:13:21 (13589 turns).

Fang the Fighter (Gargoyle Berserker)              Turns: 13589, Time: 00:13:22

Health: -12/142    AC:  0    Str: 31    XL:     14   Next: 30%
Magic:  14/14      EV: 19    Int:  8    God:    Trog [*****.]
Gold:   652        SH:  0    Dex:  9    Spells: 13/13 levels left

rFire    . . .     SeeInvis .   (weapon currently unavailable)
rCold    . . .     Gourm    .   (shield currently unavailable)
rNeg     + . .     Faith    .   (armour currently unavailable)
rPois    ∞         Spirit   .   (helmet currently unavailable)
rElec    .         Reflect  .   (cloak currently unavailable)
rCorr    .         Harm     .   (gloves currently unavailable)
MR       +....                  (boots currently unavailable)
Stlth    ..........             (no amulet)
HPRegen  0.33/turn              (ring currently unavailable)
MPRegen  0.14/turn              (ring currently unavailable)

@: berserking (expiring), pig-form, flying, slowed, very quick
A: small, negative energy resistance 1, petrification resistance, rot immunity,
AC +10
a: Berserk, Trog's Hand, Brothers in Arms, Renounce Religion


You were on level 5 of the Lair of Beasts.
You worshipped Trog.
Trog was extremely pleased with you.
You were hungry.
You were a filthy swine.
You visited 3 branches of the dungeon, and saw 14 of its levels.

You collected 652 gold pieces.

Inventory:

Hand Weapons
 a - a +2 war axe (melded)
 z - a +2 battleaxe of electrocution
Armour
 b - a +3 plate armour (melded)
 l - a +0 shield (melded)
Jewellery
 e - a +3 ring of dexterity
 n - a ring of protection from cold (melded)
 B - a +5 ring of strength (melded)
Wands
 f - a wand of scattershot (7)
 g - a wand of disintegration (11)
 i - a wand of digging (7)
 p - a wand of random effects (15)
 r - a wand of paralysis (17)
 u - a wand of enslavement (10)
Scrolls
 j - 3 scrolls of remove curse
 k - 3 scrolls of identify
 q - 4 scrolls of teleportation
 t - 2 scrolls of magic mapping
 x - 3 scrolls of fear
Potions
 d - a potion of mutation
 h - 2 potions of berserk rage
 m - 2 potions of agility
 o - a potion of cancellation
 s - a potion of haste
 w - 3 potions of heal wounds
 D - a potion of magic
Comestibles
 c - 24 rations


   Skills:
 + Level 13.7 Fighting
 + Level 11.7 Axes
 + Level 12.3 Armour
 + Level 9.8 Dodging
 + Level 6.8 Shields


You had 13 spell levels left.
You didn't know any spells.
Your spell library was empty.

Dungeon Overview and Level Annotations

Branches:
Dungeon (8/15)             Temple (1/1) D:5            Lair (5/6) D:8
  Swamp (0/4) Lair:3       Spider (0/4) Lair:4
  Slime: Lair:5-6

Altars:
Cheibriados
Hepliaklqana
Makhleb
Nemelex Xobeh
Okawaru
Qazlal
Ru
Sif Muna
Trog
Uskayaw
Wu Jian
Xom
Zin
The Shining One

Annotations:
Lair:5 Kirke


Innate Abilities, Weirdness & Mutations

You are resistant to torment.
((Your stone body is resilient. (AC +10)))
You are immune to poison.
((Your large and strong wings let you fly indefinitely.))
You resist negative energy. (rN+)
((You are resistant to electric shocks. (rElec)))
((You can survive without breathing.))
You are immune to petrification.
You are immune to rotting.


Message History

The manticore barely misses you.
You hit Kirke.
Kirke is severely wounded.
The hog bites you.
* * * LOW HITPOINT WARNING * * *
Kirke drinks a potion.
Kirke is healed!
The hog bites you!
* * * LOW HITPOINT WARNING * * *
You completely miss Kirke.
Kirke is heavily wounded.
The manticore bites you!
* * * LOW HITPOINT WARNING * * *
The manticore misses you. The manticore completely misses you.
The hog bites you!
* * * LOW HITPOINT WARNING * * *
Kirke barely misses you.
You are too injured to fight recklessly!
You completely miss Kirke.
Kirke is heavily wounded.
The hog bites you!
You die...

#.....#.##.........#####...
#.......#..#.##......#.#P..
###....############......PP.
#^.##'.# ♣....#.... #.###<.#
♣###♣♣♣♣.. ####...### ♣♣♣
####.###.♣♣♣♣♣ #
##....#.#...hh##
#...+#†.##..h@h#
#..........H♣#h.#
##.........♣♣ ....
#..........♣ #...
#.......#.#♣ #. #........#♣
#.........# .........## ###
##.###+.#. ♣#♣♣♣♣.#♣


You could see Kirke, a manticore and 4 hogs.

Vanquished Creatures
  A two-headed ogre (D:8)
  3 death yaks (Lair:3)
  An oklob plant (Lair:1)
  19 elephants
  2 black mambas
  4 spiny frogs
  Psyche (D:8)
  3 rime drakes
  4 komodo dragons
  3 jumping spiders (Lair:4)
  A troll (D:8)
  13 blink frogs
  4 hippogriffs
  A spriggan (Lair:2)
  5 redbacks (Lair:4)
  23 yaks
  A hog (Lair:5)
  2 wyverns (Lair:2)
  2 steam dragons (D:7)
  Edmund (D:4)
  2 water moccasins (Lair:1)
  5 porcupines
  A sky beast (D:8)
  2 orc warriors
  A phantom (D:6)
  4 ogres
  8 ice beasts (Lair:1)
  4 necrophages
  2 centaurs
  12 crocodiles
  12 wolves
  Blork the orc (D:6)
  12 bullfrogs
  A water moccasin skeleton (D:7)
  A scorpion (D:8)
  46 killer bees (Lair:1)
  5 wights (D:6)
  2 howler monkeys (D:5)
  2 electric eels (D:8)
  4 crimson imps
  A centaur zombie (D:8)
  3 bullfrog zombies
  A jelly (D:7)
  4 orc priests
  2 centaur skeletons (D:6)
  7 hounds
  6 orc wizards
  A bullfrog skeleton (D:5)
  6 iguanas
  6 worker ants
  2 hound zombies
  3 hound skeletons
  9 adders
  4 gnolls (D:7)
  2 oozes
  2 adder skeletons (D:4)
  5 worms
  3 dart slugs
  4 leopard geckos
  31 orcs
  3 giant cockroaches
  10 goblins
  6 hobgoblins
  2 jackals (D:1)
  6 quokkas
  2 ball pythons
  3 bats
  13 frilled lizards
  4 kobolds
  A leopard gecko skeleton (D:5)
  2 quokka skeletons
  11 rats
  A butterfly (D:7)
  A fungus (Lair:2)
  4 plants (Lair:4)
392 creatures vanquished.

Vanquished Creatures (collateral kills)
  A dire elephant (Lair:2)
  A hydra (Lair:3)
  2 elephants (Lair:2)
4 creatures vanquished.

Vanquished Creatures (others)
  36 fungi (Lair:2)
  5 plants
41 creatures vanquished.

Grand Total: 437 creatures vanquished

Notes
Turn   | Place    | Note
-------+----------+-------------------------------------------
     0 | D:1      | Fang the Gargoyle Berserker began the quest for the Orb.
     0 | D:1      | Reached XP level 1. HP: 14/14 MP: 1/1
     8 | D:1      | Noticed an electric eel
    78 | D:1      | Reached XP level 2. HP: 12/19 MP: 2/2
   188 | D:1      | Found an iron altar of Okawaru.
   687 | D:2      | Found a stormy altar of Qazlal.
   709 | D:2      | Reached XP level 3. HP: 17/23 MP: 3/3
   839 | D:2      | Reached ** piety under Trog
   842 | D:2      | Reached XP level 4. HP: 16/29 MP: 4/4
   848 | D:2      | Reached skill level 4 in Fighting
  1343 | D:2      | Found a snail-covered altar of Cheibriados.
  1685 | D:3      | Reached XP level 5. HP: 31/33 MP: 5/5
  2051 | D:3      | Found an iron altar of Okawaru.
  2051 | D:3      | Found a hazy altar of Hepliaklqana.
  2052 | D:3      | Found a bloodstained altar of Trog.
  2428 | D:4      | Reached *** piety under Trog
  2460 | D:4      | Reached XP level 6. HP: 39/39 MP: 6/6
  2465 | D:4      | Found a glowing silver altar of Zin.
  2822 | D:4      | Reached skill level 5 in Fighting
  2822 | D:4      | Reached XP level 7. HP: 32/44 MP: 7/7
  3132 | D:4      | Noticed Edmund
  3151 | D:4      | Killed Edmund
  3405 | D:4      | Found a shimmering blue altar of Sif Muna.
  3528 | D:5      | Entered Level 5 of the Dungeon
  3587 | D:5      | Found a staircase to the Ecumenical Temple.
  3639 | D:5      | Reached skill level 5 in Armour
  3680 | Temple   | Entered the Ecumenical Temple
  3727 | D:5      | Reached XP level 8. HP: 46/51 MP: 8/8
  3882 | D:5      | Reached skill level 6 in Fighting
  3911 | D:5      | Reached **** piety under Trog
  3988 | D:5      | Reached skill level 5 in Axes
  4486 | D:6      | Noticed Blork the orc
  4495 | D:6      | Killed Blork the orc
  4574 | D:6      | Reached skill level 7 in Fighting
  4574 | D:6      | Reached XP level 9. HP: 24/57 MP: 9/9
  4827 | D:6      | Reached skill level 5 in Dodging
  5005 | D:6      | Found a glowing golden altar of the Shining One.
  5059 | D:6      | Found a sparkling altar of Nemelex Xobeh.
  5115 | D:6      | Found a sacrificial altar of Ru.
  5534 | D:7      | You fall into a shaft and drop 1 floor!
  5534 | D:8      | Found a staircase to the Lair.
  5534 | D:8      | Noticed a troll
  5546 | D:8      | Noticed a two-headed ogre
  5551 | D:8      | Killed a troll
  5554 | D:8      | Reached skill level 8 in Fighting
  5560 | D:8      | Killed a two-headed ogre
  5560 | D:8      | Reached XP level 10. HP: 37/65 MP: 10/10
  5560 | D:8      | Reached ***** piety under Trog
  5851 | D:8      | Found an ornate altar of the Wu Jian Council.
  5924 | D:8      | Noticed Psyche
  6001 | D:8      | Reached skill level 10 in Fighting
  6001 | D:8      | Reached XP level 11. HP: 38/73 MP: 11/11
  6002 | D:8      | Reached skill level 11 in Fighting
  6002 | D:8      | Reached skill level 10 in Axes
  6002 | D:8      | Reached skill level 10 in Armour
  6002 | D:8      | Reached XP level 12. HP: 42/81 MP: 12/12
  6837 | D:8      | Killed Psyche
  7327 | D:7      | Found a burning altar of Makhleb.
  7479 | D:7      | Found a sparkling altar of Nemelex Xobeh.
  7613 | D:7      | Found a shimmering altar of Xom.
  7729 | Lair:1   | Entered Level 1 of the Lair of Beasts
  7745 | Lair:1   | Reached skill level 12 in Fighting
  8427 | Lair:1   | Reached skill level 1 in Shields
  9194 | Lair:2   | Received a gift from Trog
  9195 | Lair:2   | Reached XP level 13. HP: 87/87 MP: 13/13
  9379 | Lair:2   | Noticed a dire elephant
  9408 | Lair:2   | Killed a dire elephant
  9529 | Lair:2   | Received a gift from Trog
 10054 | Lair:2   | Reached skill level 13 in Fighting
 10418 | Lair:3   | Found a staircase to the Swamp.
 10425 | Lair:3   | Reached skill level 5 in Shields
 10456 | Lair:3   | Found a hide-covered altar of Uskayaw.
 12115 | Lair:4   | Gained mutation: Your large and strong wings let you fly
                  | indefinitely. [Gargoyle growth]
 12115 | Lair:4   | Reached XP level 14. HP: 92/94 MP: 14/14
 12496 | Lair:4   | Found a hole to the Spider Nest.
 13568 | Lair:5   | Noticed Kirke
 13585 | Lair:5   | Received a gift from Trog
 13588 | Lair:5   | HP: 1/142 [hog[Kirke] (13)]
 13589 | Lair:5   | Mangled by a hog

Levels and vault maps discovered:
D:1:      arrival_aquarium_a, layout_loops_cross, okawaru_ov_weapons_minmay
D:2:      layout_basic, cheibriados_altar_1, nicolae_qazlal_eye_of_the_storm,
          nrook_uturn, minmay_lizard_pond
D:3:      minmay_octagon_keep, layout_basic, gammafunk_temple_overflow_claw
D:4:      layout_loops_corners, led_sif_book, zin_academy, first_ration,
          uniq_edmund
D:5:      layout_loops_ring, minmay_temple_entry_drinking_statues
D:6:      layout_loops_ring, nicolae_ru_great_annihilating_truth,
          tso_metal_star, grunt_ministairs_3, nemelex_spade_bored_becter,
          uniq_blork_the_orc
D:7:      layout_loops_ring, xom_butterflies, lemuel_doored_altar,
          makhleb_blood_cavern_becter
D:8:      layout_gridville, nicolae_overflow_hidden_temple, erik_lair_island,
          uniq_psyche
Temple:   kb_temple_of_zot
Lair:1:   wad_woods_minihive, layout_loops_ring,
          portal_ice_cave_entry_ice_beasts, st_stairs_6, dpeg_stationary_puzzle
Lair:2:   mu_elephants_graveyard, layout_chaotic_city, st_stairs_11
Lair:3:   layout_cave_pods, minmay_swamp_entry_reptiles, basic_altar
Lair:4:   layout_roguey, nicolae_spider_entry_tight_spaces, serial_forest,
          infiniplex_forest_straight_2, infiniplex_forest_lined_room_2,
          infiniplex_forest_join, infiniplex_forest_straight_2,
          infiniplex_forest_clump_double, infiniplex_forest_straight_3,
          infiniplex_forest_end_1, serial_bayou_pond_d, serial_bayou_pond_e,
          roderic_carrion_pond
Lair:5:   layout_roguey, nicolae_quartered_pool_medium,
          gammafunk_lair_bear_cave, lemuel_fruit_tree, uniq_kirke

Skill      XL: |  1  2  3  4  5  6  7  8  9 10 11 12 13 |
---------------+----------------------------------------+-----
Axes           | 3 4 5 7 9 10 11 | 11.7
Dodging        | 2 3 4 6 7 8 9 |  9.8
Armour         | 3 4 5 6 8 9 10 11 12 | 12.3
Fighting       | 4 5 7 8 10 11 12 13 | 13.7
Shields        | 2 6 |  6.8

Action                   |  1- 3 |  4- 6 |  7- 9 | 10-12 | 13-15 || total
-------------------------+-------+-------+-------+-------+-------++-------
Melee: Hand axe          |    81 |   127 |       |       |       ||   208
       War axe           |       |    82 |   296 |   544 |   530 ||  1452
       Unarmed           |       |       |       |       |    10 ||    10
Invok: Berserk           |     1 |     3 |     6 |     7 |     6 ||    23
       Brothers in Arms  |       |       |       |     1 |     2 ||     3
       Trog's Hand       |       |       |       |       |     2 ||     2
 Abil: Fly               |       |       |       |       |     1 ||     1
  Use: Scroll            |       |     2 |    12 |     6 |     7 ||    27
       Potion            |       |       |       |     2 |       ||     2
 Stab: Sleeping          |     1 |       |       |       |       ||     1
  Eat: Chunk             |       |     9 |    15 |    12 |    22 ||    58
       Ration            |       |       |       |     2 |       ||     2
Armor: Animal skin       |    24 |       |       |       |       ||    24
       Chain mail        |       |   117 |   142 |       |       ||   259
       Plate armour      |       |       |   100 |   447 |   488 ||  1035
Dodge: Dodged            |    51 |    82 |   212 |   236 |   305 ||   886
Block: Shield            |       |       |       |   254 |   378 ||   632
